 Dungeon Crawl Stone Soup version 0.23-a0-767-gdc19b93d68 (webtiles) character file.

197 Hercules1031 the Skirmisher (level 5, -9/42 HPs)
             Began as a Demonspawn Monk on Jan 26, 2019.
             Mangled by a gnoll
             ... wielding a +0 halberd of venom
              (11 damage)
             ... on level 3 of the Dungeon.
             The game lasted 00:07:20 (3084 turns).

Hercules1031 the Skirmisher (Demonspawn Monk)       Turns: 3084, Time: 00:07:21

Health: -9/42      AC:  8    Str: 12    XL:     5   Next: 46%
Magic:  5/5        EV: 15    Int: 12    God:
Gold:   187        SH:  0    Dex: 15    Spells: 4/4 levels left

rFire    . . .     SeeInvis .   a - +0 hand axe
rCold    . . .     Gourm    .   (no shield)
rNeg     + . .     Faith    .   e - +0 ring mail
rPois    .         Spirit   .   (no helmet)
rElec    .         Reflect  .   (no cloak)
rCorr    .         Harm     .   d - +2 pair of gloves
MR       .....                  (no boots)
Stlth    +.........             (no amulet)
HPRegen  0.14/turn              f - +3 ring of evasion
MPRegen  0.09/turn              i - ring of positive energy

@: lethally poisoned (-9 -> -13)
A: demonic guardian 1
a: no special abilities


You were on level 3 of the Dungeon.
You were not hungry.

You visited 1 branch of the dungeon, and saw 3 of its levels.

You collected 187 gold pieces.

Inventory:

Hand Weapons
 a - a +0 hand axe (weapon)
Armour
 b - a +1 robe
 d - a +2 pair of gloves (worn)
 e - a +0 ring mail (worn)
 g - a +0 scale mail
Jewellery
 f - a +3 ring of evasion (left hand)
 i - a ring of positive energy (right hand)
Scrolls
 c - 2 scrolls of enchant armour
 h - a scroll of identify
 k - a scroll of remove curse
 l - 2 scrolls of teleportation


   Skills:
 + Level 3.8 Fighting
 + Level 3.4 Axes
 * Level 2.9 Armour
 + Level 3.5 Dodging
 - Level 1.7 Stealth


You had 4 spell levels left.
You didn't know any spells.
Your spell library was empty.

Dungeon Overview and Level Annotations

Branches:
Dungeon (3/15)

Altars:
Xom

Annotations:
D:3 1 transporter, Artagas's ghost, amateur FeTm


Innate Abilities, Weirdness & Mutations

A weak demonic guardian rushes to your aid.


Message History

The gnoll hits you with a +0 halberd.
* * * LOW HITPOINT WARNING * * *
The gnoll hits your quasit with a +0 flail!
Your quasit closely misses the gnoll.
Your quasit claws the gnoll but does no damage.
Your quasit claws the gnoll.
The gnoll shaman hits you with a +0 whip.
* * * LOW HITPOINT WARNING * * *
The gnoll misses you. x2
* * * LOW HITPOINT WARNING * * *
You feel sick.
The gnoll hits your quasit with a +0 halberd!!
Your quasit dies!
Your quasit bites the gnoll.
Your quasit barely misses the gnoll.
Your quasit claws the gnoll.
The gnoll zaps a wand.
Your quasit is blasted.
Your quasit is blown up!
The gnoll shouts!
The gnoll hits you from afar with a +0 halberd of venom!
You die...

#.≈≈≈≈≈≈≈≈≈≈≈...≈≈≈≈≈≈≈≈≈≈≈
#.≈≈≈≈≈≈≈≈≈≈≈...≈≈≈≈≈≈≈≈≈≈≈
#.≈≈#####...........#####≈≈
#.≈≈#.#.#.###.§.###.#g#g#≈≈
#.≈≈#...###.#####.###...#≈≈
#.≈≈###...............###≈≈
#.≈≈.8#.##'###'######.#8.≈≈
#.≈≈.##.#...#gg8#,..#.##.≈≈
#.≈≈.#..'.@.gg©⌠#,,$'..#.≈≈
#.≈≈.##.#...#g.8#,.$#.##.≈≈
#.≈≈.8#.##g###'######.#8.≈≈
#.≈≈###.......g.......###≈≈
#.≈≈#...###©#####.###...#≈≈
#.≈≈#.#.#.###.©.###.#.#.#≈≈
#.≈≈#####...........#####≈≈
#.≈≈≈≈≈≈≈≈≈≈≈≈≈≈≈≈≈≈≈≈≈≈≈≈≈
#.≈≈≈≈≈≈≈≈≈≈≈≈≈≈≈≈≈≈≈≈≈≈≈≈≈


You could see a gnoll shaman and 5 gnolls.

Vanquished Creatures
  An orc priest (D:3)
  7 adders
  An ooze (D:1)
  A worm (D:2)
  2 dart slugs
  3 leopard geckos (D:3)
  5 orcs (D:3)
  4 giant cockroaches
  6 goblins
  7 hobgoblins
  10 jackals
  6 kobolds
  3 quokkas
  2 ball pythons
  4 bats
  4 frilled lizards
  4 rats
70 creatures vanquished.

Vanquished Creatures (collateral kills)
  An orc wizard (D:3)
1 creature vanquished.

Vanquished Creatures (others)
  6 plants (D:3)
6 creatures vanquished.

Grand Total: 77 creatures vanquished

Notes
Turn   | Place    | Note
-------+----------+-------------------------------------------
     0 | D:1      | Hercules1031 the Demonspawn Monk began the quest for the
                  | Orb.
     0 | D:1      | Reached XP level 1. HP: 18/18 MP: 1/1
   392 | D:1      | Gained mutation: A weak demonic guardian rushes to your
                  | aid. [demonic ancestry]
   392 | D:1      | Reached XP level 2. HP: 19/24 MP: 2/2
   492 | D:1      | Reached skill level 1 in Armour
  1060 | D:1      | Reached XP level 3. HP: 29/29 MP: 3/3
  1986 | D:2      | Reached XP level 4. HP: 30/35 MP: 4/4
  2298 | D:3      | Found a transporter.
  2357 | D:3      | Reached XP level 5. HP: 12/42 MP: 5/5
  2578 | D:3      | Found a transporter.
  2940 | D:3      | Found a shimmering altar of Xom.
  2953 | D:3      | Found a shimmering altar of Xom.
  2953 | D:3      | Found a shimmering altar of Xom.
  2965 | D:3      | Found a shimmering altar of Xom.
  2973 | D:3      | Found a shimmering altar of Xom.
  2973 | D:3      | Found a shimmering altar of Xom.
  2979 | D:3      | Found a shimmering altar of Xom.
  3077 | D:3      | Noticed Artagas's ghost (amateur FeTm)
  3083 | D:3      | HP: 2/42 [poisoned by a gnoll]
  3084 | D:3      | Mangled by a gnoll

Vault maps used:
D:1:      dpeg_arrival_pits, chequers_jeans
D:2:      first_ration
D:3:      portal_sewer_entry_f, gammafunk_ghost_gnarly_gnolls,
          hangedman_decor_peaks_small, nicolae_xom_altar_mimics

Skill      XL: |  1  2  3  4 |
---------------+-------------+-----
Armour         | 1 2 |  2.9
Dodging        | 3 |  3.5
Axes           | 3 |  3.4
Fighting       | |  3.8
Stealth        | |  1.7

Action                   |  1- 3 |  4- 6 || total
-------------------------+-------+-------++-------
Melee: Hand axe          |   147 |   121 ||   268
  Use: Scroll            |     4 |     2 ||     6
       Potion            |     1 |     6 ||     7
 Stab: Sleeping          |     4 |       ||     4
  Eat: Ration            |     1 |     2 ||     3
Armor: Robe              |    43 |    10 ||    53
       Ring mail         |       |    24 ||    24
Dodge: Dodged            |   145 |   179 ||   324

Table legend:
 A = Non-vault XP
 B = Vault XP
 C = Vault XP percentage of total XP
 D = Non-vault monster count
 E = Vault monster count
 F = Vault count percentage of total count
                 A         B        C        D         E       F
            +---------+---------+-------+---------+---------+-------
      Total |     271 |      11 |   3.9 |      67 |       4 |   5.6
            +---------+---------+-------+---------+---------+-------
        D:1 |      45 |       0 |   0.0 |      22 |       0 |   0.0
        D:2 |      65 |       0 |   0.0 |      21 |       0 |   0.0
        D:3 |     161 |      11 |   6.4 |      24 |       4 |  14.3
            +---------+---------+-------+---------+---------+-------
